 Dungeon Crawl Stone Soup version 0.30.0-18-gc0e69614cb (webtiles) character file.

Game seed: 16119876493586882612

817 olmar the Cudgeller (level 7, -1/60 HPs)
             Began as a Gnoll Chaos Knight on May 24, 2023.
             Was a Plaything of Xom.
             Slain by an ufetubus (4 damage)
             ... summoned by Xom
             ... in a sewer.
             The game lasted 00:05:21 (3098 turns).

olmar the Cudgeller (Gnoll Chaos Knight)            Turns: 3098, Time: 00:05:22

Health: -1/60      AC:  5    Str: 15      XL:     7   Next: 94%
Magic:  10/10      EV: 12    Int: 11      God:    Xom [.*....]
Gold:   190        SH:  0    Dex: 10 (12) Spells: 11/11 levels left

rFire   . . .        a - +0 mace (chaos)
rCold   . . .        (no shield)
rNeg    . . .        b - +3 leather armour
rPois   .            (no helmet)
rElec   .            (no cloak)
rCorr   .            (no gloves)
SInv    .            (no boots)
Will    .....        (no amulet)
Stlth   +            h - +4 ring of slaying
HPRegen 0.30/turn    m - ring "Kaipyaly" {Fly Str+4 Stlth-}
MPRegen 0.12/turn

%: no passive effects
@: brilliant, flying
A: fangs 1, strong nose, distributed training, deformed body, deterioration 1,
low MP 1, weak 1
a: Renounce Religion


You were in a sewer.
You worshipped Xom.
You were a plaything of Xom.
You visited 1 branch of the dungeon, and saw 5 of its levels.
You also visited: Sewer.

You collected 190 gold pieces.

Inventory:

Hand Weapons
 a - a +0 mace of chaos (weapon)
 f - a +3 dagger of venom
 s - a +1 trident of flaming
Missiles
 t - 3 poisoned darts
Armour
 b - a +3 leather armour (worn)
 p - a +0 tower shield
 v - a +0 helmet
Jewellery
 h - a +4 ring of slaying (left hand)
 m - the ring "Kaipyaly" (right hand) {Fly Str+4 Stlth-}
   (You found it on level 3 of the Dungeon)

   [ring of flight]

   Str:       It affects your strength (+4).
   Fly:       It grants you flight.
   Stlth:     It makes you less stealthy.
Wands
 d - a wand of mindburst (4)
 r - a wand of digging (7)
 y - a wand of flame (22)
Scrolls
 j - a scroll of blinking {unknown}
 l - a scroll of enchant weapon
 n - 2 scrolls of enchant armour
 w - 2 scrolls of noise
Potions
 e - 2 potions of degeneration
 g - 2 potions of mutation
 i - a potion of might
 k - a potion of magic
 q - a potion of flight
Miscellaneous
 c - a piece from Xom's chessboard (15/15) (quivered)


   Skills:
 + Level 7.2 Fighting
 + Level 2.9 Short Blades
 + Level 2.9 Long Blades
 + Level 2.9 Axes
 + Level 7.2 Maces & Flails
 + Level 2.9 Polearms
 + Level 2.9 Staves
 + Level 2.9 Ranged Weapons
 + Level 2.9 Throwing
 + Level 5.4 Armour
 + Level 3.9 Dodging
 + Level 2.9 Stealth
 + Level 2.9 Shields
 + Level 2.9 Unarmed Combat
 + Level 2.9 Spellcasting
 + Level 2.3 Conjurations
 + Level 2.3 Hexes
 + Level 2.3 Summonings
 + Level 2.3 Necromancy
 + Level 2.3 Translocations
 + Level 2.3 Transmutations
 + Level 2.3 Fire Magic
 + Level 2.3 Ice Magic
 + Level 2.3 Air Magic
 + Level 2.3 Earth Magic
 + Level 2.3 Poison Magic
 + Level 3.2 Invocations
 + Level 2.9 Evocations


You had 11 spell levels left.
You didn't know any spells.
Your spell library contained the following spells:

 Spells                   Type           Power      Damage    Failure   Level
 Ensorcelled Hibernation  Hex/Ice        20%        N/A       19%         2
 Passwall                 Tmut/Erth      8%         N/A       19%         2
 Static Discharge         Conj/Air       20%        2-3/arc   19%         2
 Swiftness                Air            10%        N/A       34%         3
 Airstrike                Air            5%         2d(1-17)  75%         4
 Summon Lightning Spire   Summ/Air       10%        N/A       75%         4


Dungeon Overview and Level Annotations

Branches:
Dungeon (5/15)             Temple (0/1) D:5           Sewer (1/1)

Altars:
Vehumet
Yredelemnul

Annotations:
D:3 2 transporters, hattop's ghost, amateur GnHW


Innate Abilities, Weirdness & Mutations

You have very sharp teeth.
Your uncanny sense of smell can sniff out nearby items.
Your experience applies equally to all skills.
Armour fits poorly on your strangely shaped body.
Your body sometimes deteriorates upon taking damage.
Your magical capacity is low. (-10% MP)
You are weak. (Str -2)


Message History

Unknown command.
Okay, then.
Unknown command.
You hit the quasit. You bite the quasit, but do no damage.
The quasit is almost dead.
The quasit bites you but does no damage.
The quasit claws you but does no damage.
The quasit claws you.
* * * LOW HITPOINT WARNING * * *
The ufetubus hits you but does no damage.
The ufetubus misses you. The ufetubus closely misses you.
The ufetubus hits you.
* * * LOW HITPOINT WARNING * * *
The quasit closely misses you. x3
Unknown command.
Unknown command.
Aiming: Mindburst
Press: ? - help, Shift-Dir - straight line, f - quasit
Aim: a quasit (almost dead, summoned, chance to affect: 82%)
The quasit's mind is blasted!!
You blow up the quasit!
The quasit degenerates into a cloud of primal chaos!
The ufetubus barely misses you. x2; The ufetubus misses you.
The ufetubus closely misses you. The ufetubus completely misses you.
The ufetubus hits you.
* * * LOW HITPOINT WARNING * * *
The ufetubus completely misses you. The ufetubus barely misses you.
Unknown command.
Unknown command.
Aiming: Mindburst
Press: ? - help, Shift-Dir - straight line, f - ufetubus
Aim: an ufetubus (summoned, chance to affect: 82%)
The ufetubus's mind is blasted!!
You blow up the ufetubus!
The ufetubus disappears in a puff of smoke!
The ufetubus hits you.
* * * LOW HITPOINT WARNING * * *
The ufetubus hits you.
You die...
Xom yawns loudly!

~~~~.~~..~.~~~~~~~~~~.~~.~~.~~~≈≈
≈≈≈≈≈≈≈≈≈≈≈≈≈≈≈≈≈≈≈≈≈≈≈≈≈≈≈≈≈≈.≈≈
.~~~~~.~.~~~.~.~~~~~~~~..~.~~≈~≈≈
##~≈~#######################~≈~##
#†≈~# ###### ###### #~≈~# #~≈~#
#....# #....# #~≈.# #~≈.#
#####'†#####'†#####~≈~# #.≈~#
#∩....§5........~~~~~.# #~≈~#
#∩....§@.........~~~~~# #~≈~#
#####''#####''#####~≈~# #~≈.#
#....# #....# #~≈.# ###### ######
#~≈~# #~≈~# ~~≈~# ≈.≈~#


You could see an ufetubus (summoned).

Vanquished Creatures
  2 ogres (D:5)
  Blork the orc (D:4)
  2 scorpions
  A hound (D:4)
  A jelly (D:5)
  A sleepcap (D:4)
  Ijyb (D:4)
  Natasha (thrice) (D:4)
  2 iguanas (D:5)
  Robin (D:4)
  3 river rats (Sewer)
  7 adders
  7 orcs
  8 ball pythons
  10 endoplasms
  5 giant cockroaches
  5 hobgoblins
  14 jackals
  7 kobolds
  2 quokkas
  A ball python zombie (D:3)
  10 bats
  5 frilled lizards
  14 goblins
  A quokka zombie (D:3)
  6 rats
120 creatures vanquished.

Notes
Turn   | Place    | Note
-------+----------+-------------------------------------------
     0 | D:1      | olmar the Gnoll Chaos Knight began the quest for the Orb.
     0 | D:1      | Reached XP level 1. HP: 23/23 MP: 1/1
    17 | D:1      | XOM: potion effect (haste)
    60 | D:1      | XOM: divination: detect items
   125 | D:1      | Reached XP level 2. HP: 23/29 MP: 2/2
   318 | D:1      | Reached XP level 3. HP: 32/35 MP: 3/3
   527 | D:1      | XOM: silly message
   659 | D:1      | Found a faded altar of an unknown god.
   841 | D:1      | XOM: silly message
   902 | D:2      | You fall into a shaft and drop 1 floor!
   925 | D:3      | Reached skill level 1 in Invocations
   951 | D:3      | Identified the ring "Kaipyaly" {Fly Str+4 Stlth-}
   996 | D:3      | Found a radiant altar of Vehumet.
  1038 | D:3      | Found a transporter.
  1057 | D:3      | XOM: divination: detect items
  1086 | D:3      | Reached skill level 1 in Short Blades
  1086 | D:3      | Reached skill level 1 in Long Blades
  1086 | D:3      | Reached skill level 1 in Axes
  1086 | D:3      | Reached skill level 1 in Polearms
  1086 | D:3      | Reached skill level 1 in Staves
  1086 | D:3      | Reached skill level 1 in Ranged Weapons
  1086 | D:3      | Reached skill level 1 in Throwing
  1086 | D:3      | Reached skill level 1 in Stealth
  1086 | D:3      | Reached skill level 1 in Shields
  1086 | D:3      | Reached skill level 1 in Unarmed Combat
  1086 | D:3      | Reached skill level 1 in Spellcasting
  1086 | D:3      | Reached skill level 1 in Evocations
  1195 | D:3      | Noticed hattop's ghost (amateur GnHW)
  1197 | D:3      | Noticed a phantom
  1265 | D:3      | Reached XP level 4. HP: 39/41 MP: 5/5
  1370 | D:3      | XOM: 3-stop teleportation journey
  1513 | D:3      | Found a transporter.
  1560 | D:3      | Found a basalt altar of Yredelemnul.
  1638 | D:4      | XOM: scenery: 2 doors open
  1638 | D:4      | Noticed a scorpion
  1641 | D:4      | XOM: divination: magic mapping
  1747 | D:4      | Noticed Blork the orc
  1751 | D:4      | XOM: cleaving
  1752 | D:4      | Noticed Ijyb
  1756 | D:4      | Killed Blork the orc
  1757 | D:4      | Reached skill level 1 in Conjurations
  1757 | D:4      | Reached skill level 1 in Hexes
  1757 | D:4      | Reached skill level 1 in Summonings
  1757 | D:4      | Reached skill level 1 in Necromancy
  1757 | D:4      | Reached skill level 1 in Translocations
  1757 | D:4      | Reached skill level 1 in Transmutations
  1757 | D:4      | Reached skill level 1 in Fire Magic
  1757 | D:4      | Reached skill level 1 in Ice Magic
  1757 | D:4      | Reached skill level 1 in Air Magic
  1757 | D:4      | Reached skill level 1 in Earth Magic
  1757 | D:4      | Reached skill level 1 in Poison Magic
  1757 | D:4      | Reached XP level 5. HP: 17/47 MP: 5/7
  1765 | D:4      | XOM: smoke on damage
  1766 | D:4      | Killed Ijyb
  1840 | D:4      | XOM: torment (22/47 hp)
  1911 | D:4      | Reached skill level 5 in Armour
  1911 | D:4      | Reached XP level 6. HP: 35/53 MP: 8/8
  2166 | D:4      | Noticed Robin
  2167 | D:4      | Noticed Natasha
  2197 | D:4      | XOM: confusion
  2207 | D:4      | Killed Natasha
  2211 | D:4      | Killed Robin
  2359 | D:4      | Noticed Natasha
  2368 | D:4      | Killed Natasha
  2430 | D:4      | Noticed Natasha
  2435 | D:4      | Killed Natasha
  2570 | D:5      | Entered Level 5 of the Dungeon
  2570 | D:5      | Noticed an ice beast
  2577 | D:5      | XOM: 1-stop teleportation journey
  2578 | D:5      | Reached XP level 7. HP: 38/60 MP: 10/10
  2700 | D:5      | Found a glowing drain.
  2719 | Sewer    | Entered a sewer
  2907 | Sewer    | XOM: give mutations
  2907 | Sewer    | Gained mutation: Your body sometimes deteriorates upon
                  | taking damage. [Xom's mischief]
  2907 | Sewer    | Gained mutation: Armour fits poorly on your strangely
                  | shaped body. [Xom's mischief]
  2907 | Sewer    | Gained mutation: Your magical capacity is low. (-10% MP)
                  | [Xom's mischief]
  2907 | Sewer    | Gained mutation: You are weak. (Str -2) [Xom's mischief]
  3076 | Sewer    | XOM: summons 4 hostile demons
  3098 | Sewer    | HP: 3/60 [ufetubus[Xom] (1)]
  3098 | Sewer    | Slain by an ufetubus

Illustrated notes

Levels and vault maps discovered:
D:1:      nzn_arrival_depleted_hourglass, layout_basic,
          shapermc_ecumenical_altar_pompeii
D:2:      wander_river, layout_basic, basic_altar, minmay_distorted
D:3:      layout_loops_ring, lemuel_zombie_altar_yredelemnul,
          lemuel_crystal_altar, gammafunk_ghost_mausoleum, minmay_unequal
D:4:      layout_rooms, kennysheep_generic_room_15, uniq_blork_the_orc,
          uniq_natasha, uniq_robin, uniq_ijyb
D:5:      layout_rooms, marbit_many_paths, temple_fountains,
          portal_sewer_entry_d, minmay_misc_feat_encased
Sewer:    sewer_fruit_machine

Skill      XL: |  1  2  3  4  5  6  7 |
---------------+----------------------+-----
Invocations    | 1 2 3 |  3.2
Short Blades   | 1 2 |  2.9
Long Blades    | 1 2 |  2.9
Axes           | 1 2 |  2.9
Polearms       | 1 2 |  2.9
Staves         | 1 2 |  2.9
Ranged Weapons | 1 2 |  2.9
Throwing       | 1 2 |  2.9
Stealth        | 1 2 |  2.9
Shields        | 1 2 |  2.9
Unarmed Combat | 1 2 |  2.9
Spellcasting   | 1 2 |  2.9
Evocations     | 1 2 |  2.9
Dodging        | 3 |  3.9
Conjurations   | 1 2 |  2.3
Hexes          | 1 2 |  2.3
Summonings     | 1 2 |  2.3
Necromancy     | 1 2 |  2.3
Translocations | 1 2 |  2.3
Transmutations | 1 2 |  2.3
Fire Magic     | 1 2 |  2.3
Ice Magic      | 1 2 |  2.3
Air Magic      | 1 2 |  2.3
Earth Magic    | 1 2 |  2.3
Poison Magic   | 1 2 |  2.3
Armour         | 5 |  5.4
Fighting       | 7 |  7.2
Maces & Flails | 7 |  7.2

Action                     |  1- 3 |  4- 6 |  7- 9 || total
---------------------------+-------+-------+-------++-------
  Melee: Mace              |    43 |     4 |     7 ||    54
         Bite              |     9 |    11 |     8 ||    28
         Punch             |     2 |       |     3 ||     5
         Dagger            |    68 |   105 |    94 ||   267
  Evoke: Piece from Xom's  |       |     8 |     7 ||    15
         Wand              |       |     1 |     3 ||     4
    Use: Potion            |     1 |     1 |     3 ||     5
         Scroll            |     1 |     1 |     7 ||     9
   Stab: Petrified         |       |     3 |       ||     3
         Sleeping          |       |       |     1 ||     1
 Armour: Leather armour    |    59 |    27 |    84 ||   170
  Dodge: Dodged            |    92 |    56 |   154 ||   302
